 Dungeon Crawl Stone Soup version 0.30.1-9-gdf580d7c3d (webtiles) character file.

Game seed: 1347474727657845266

5933 Cheops the Frost Mage (level 10, -23/80 HPs)
             Began as a Naga Ice Elementalist on Oct 19, 2023.
             Was an Elder of Cheibriados.
             Annihilated by Urug
             ... wielding a +2 heavy long sword
              (30 damage)
             ... on level 10 of the Dungeon.
             The game lasted 00:47:35 (10169 turns).

Cheops the Frost Mage (Naga Ice Elementalist)      Turns: 10169, Time: 00:47:35

Health: -23/80     AC:  7    Str: 21    XL:     10   Next: 83%
Magic:  14/16      EV: 10    Int: 29    God:    Cheibriados [****..]
Gold:   1254       SH:  0    Dex: 22    Spells: 1/15 levels left

rFire   . . .        a - +1 scythe (protect)
rCold   . . .        (shield currently unavailable)
rNeg    . . .        V - +1 robe {Archmagi}
rPois   +            (no helmet)
rElec   .            s - +0 cloak
rCorr   .            q - +0 pair of gloves
SInv    +            (no barding)
Will    ++...        r - amulet of magic regeneration
Stlth   +++          N - ring of flight
HPRegen 0.33/turn    v - ring of willpower
MPRegen 0.55/turn

%: archmagi
@: flying, very slow
A: AC +3, large, see invisible, deformed body, poison resistance, slowness 2,
spit poison 1, naga tail 1
a: Spit Poison, Renounce Religion, Bend Time, Temporal Distortion, Slouch


You were on level 10 of the Dungeon.
You worshipped Cheibriados.
Cheibriados was greatly pleased with you.
You visited 2 branches of the dungeon, and saw 11 of its levels.

You collected 1306 gold pieces.
You spent 52 gold pieces at shops.

Inventory:

Hand Weapons
 a - a +1 scythe of protection (weapon)
 b - a +0 antimagic hand axe
 c - a +0 trident
 d - a +0 bardiche
 R - a +3 hand axe
 W - a +3 trident of holy wrath
 X - a +2 heavy spear
Missiles
 m - a throwing net
Armour
 q - a +0 pair of gloves (worn)
 s - a +0 cloak (worn)
 E - the +4 leather armour of Impermeability {rF+ Stlth+}
   (You found it on level 5 of the Dungeon)

   rF:        It protects you from fire.
   Stlth:     It makes you more stealthy.
 G - a +0 buckler
 U - a +0 buckler
 V - a +1 robe of the Archmagi (worn)
Jewellery
 r - an amulet of magic regeneration (around neck)
 v - a ring of willpower (right hand)
 y - an amulet of guardian spirit
 M - a ring of wizardry
 N - a ring of flight (left hand)
 T - a ring of protection from cold
 Y - a ring of protection from fire
 Z - a ring of magical power
Wands
 l - a wand of polymorph (11)
 n - a wand of digging (5)
 J - a wand of charming (23)
Scrolls
 f - a scroll of enchant weapon {unknown}
 g - 3 scrolls of teleportation
 h - 3 scrolls of fog {unknown}
 j - 3 scrolls of enchant armour {unknown}
 p - 2 scrolls of magic mapping {unknown}
 A - 2 scrolls of fear {unknown}
 C - 2 scrolls of immolation {unknown}
 D - a scroll of poison
 F - 3 scrolls of vulnerability
 I - a scroll of acquirement
 O - 2 scrolls of silence {unknown}
 Q - a scroll of summoning
Potions
 i - 2 potions of berserk rage {unknown}
 k - a potion of attraction {unknown}
 o - 2 potions of mutation {unknown}
 t - a potion of might {unknown}
 u - 2 potions of curing
 w - a potion of ambrosia {unknown}
 x - a potion of brilliance {unknown}
 z - a potion of lignification
 B - a potion of magic
 H - 2 potions of invisibility {unknown}
 L - 2 potions of resistance {unknown}
 S - a potion of cancellation


   Skills:
 - Level 2.0 Fighting
 + Level 5.3 Polearms
 - Level 1.5 Dodging
 - Level 3.0 Stealth
 - Level 3.0 Spellcasting
 - Level 6.0 Hexes
 - Level 2.0 Summonings
 - Level 11.0 Ice Magic
 - Level 8.0 Invocations
 - Level 3.0 Evocations


You had one spell level left.
You knew the following spells:

 Your Spells              Type           Power      Damage    Failure   Level
a - Freeze                Ice            100%       1d10      1%          1
r - Frozen Ramparts       Ice            100%       1d16      1%          3
A - Ozocubu's Armour      Ice            80%        N/A       1%          3
D - Tukima's Dance        Hex            56%        N/A       1%          3
I - Summon Ice Beast      Ice/Summ       58%        N/A       5%          4

Your spell library contained the following spells:

 Spells                   Type           Power      Damage    Failure   Level
 Sandblast                Erth           12%        2d6       8%          1
 Portal Projectile        Hex/Tloc       64%        N/A       7%          3
 Passwall                 Tmut/Erth      5%         N/A       12%         2
 Ignite Poison            Fire/Tmut/Pois 6%         N/A       22%         3
 Stone Arrow              Conj/Erth      12%        3d7       22%         3
 Sticky Flame             Conj/Fire      6%         2d3       58%         4
 Blade Hands              Tmut           3%         N/A       91%         5
 Ignition                 Fire           3%         3d4       100%        8


Dungeon Overview and Level Annotations

Branches:
Dungeon (10/15)            Temple (1/1) D:5             Orc (0/2) D:9
   Lair: D:8-11

Altars:
Ashenzari
Cheibriados
Dithmenos
Elyvilon
Fedhas
Gozag
Hepliaklqana
Kikubaaqudgha
Makhleb
Nemelex Xobeh
Okawaru
Qazlal
Ru
Sif Muna
Trog
Uskayaw
Vehumet
Wu Jian
Xom
Yredelemnul
Zin
The Shining One

Shops:
D:3 *   D:6 *

Annotations:
D:9 3 runed translucent doors, Psyclone's ghost, novice DEVM
D:10 Urug


Innate Abilities, Weirdness & Mutations

Your serpentine skin is tough. (AC +3)
You have supernaturally acute eyesight. (SInv)
Armour fits poorly on your strangely shaped body.
Your system is resistant to poisons. (rPois)
You cover ground very slowly.
You can spit poison.
You have a snake-like lower body.


Message History

Urug hits you but does no damage.
You barely miss Urug.
Urug is lightly wounded.
Urug winks... or blinks.
Urug hits you with a +2 heavy long sword!!
* * * LOW HITPOINT WARNING * * *
Casting: Ozocubu's Armour (safe; 1% risk of failure)
Confirm with . or Enter, or press ? or * to list all spells.
Aiming: Freeze (safe; 1% risk of failure)
Press: ? - help, Shift-Dir - straight line, f - Urug
Aim: Urug, wielding a +2 heavy long sword, wearing a +0 scale mail and quivering javelins (lightly wounded)
You feel a surge of power!
You freeze Urug.
Urug is moderately wounded.
Urug hits you with a +2 heavy long sword!!
* * * LOW HITPOINT WARNING * * *
Casting: Freeze (safe; 1% risk of failure)
Confirm with . or Enter, or press ? or * to list all spells.
Aiming: Freeze (safe; 1% risk of failure)
Press: ? - help, Shift-Dir - straight line, f/p - Urug
Aim: Urug, wielding a +2 heavy long sword, wearing a +0 scale mail and quivering javelins (lightly wounded)
You feel a surge of power!
You freeze Urug.
Urug is moderately wounded.
Casting: Freeze (safe; 1% risk of failure)
Confirm with . or Enter, or press ? or * to list all spells.
Aiming: Freeze (safe; 1% risk of failure)
Press: ? - help, Shift-Dir - straight line, f/p - Urug
Aim: Urug, wielding a +2 heavy long sword, wearing a +0 scale mail and quivering javelins (moderately wounded)
You feel a surge of power!
You freeze Urug.
Urug is moderately wounded.
Urug hits you with a +2 heavy long sword!
* * * LOW HITPOINT WARNING * * *
Casting: Freeze (safe; 1% risk of failure)
Confirm with . or Enter, or press ? or * to list all spells.
Aiming: Freeze (safe; 1% risk of failure)
Press: ? - help, Shift-Dir - straight line, f/p - Urug
Aim: Urug, wielding a +2 heavy long sword, wearing a +0 scale mail and quivering javelins (moderately wounded)
You feel a surge of power!
You freeze Urug.
Urug is heavily wounded.
Urug hits you with a +2 heavy long sword!!
You die...

..[.......# #....
..........# #....
........!.+ #...#
...(......#######...#
..................#
#................#
#.................
#.o...............
##@................
#...####+###.......
#...#......#......#
#...#......+......#
#...'......#......#
#...#......####...#
#...#....... #...#
#...###+#######...#
#...............<.#


You could see Urug.

Vanquished Creatures
  A manticore (D:7)
  A hornet (D:8)
  Sigmund (D:2)
  7 yaks
  A wyvern (D:9)
  2 steam dragons
  A water moccasin (D:8)
  An orc warrior (D:8)
  4 sky beasts
  2 ice beasts (D:6)
  5 centaurs
  2 kobold brigands (D:9)
  2 bullfrogs
  3 gnoll sergeants (D:8)
  A scorpion (D:5)
  3 water moccasin zombies (D:5)
  8 wights
  4 killer bees (D:9)
  2 howler monkeys
  A centaur zombie (D:5)
  2 hounds
  2 gnoll boudas
  A jelly (D:7)
  6 orc priests
  An iguana (D:6)
  A sleepcap (D:6)
  6 orc wizards
  A scorpion zombie (D:5)
  9 adders
  13 gnolls
  3 shadow imps
  2 white imps (D:8)
  5 ufetubi
  2 worms (D:4)
  A dart slug (D:2)
  22 orcs
  5 ball pythons
  4 endoplasms
  7 giant cockroaches
  9 hobgoblins
  4 jackals (D:8)
  7 quokkas
  6 bats
  6 frilled lizards
  5 goblins
  12 kobolds
  A rat (D:1)
195 creatures vanquished.

Vanquished Creatures (collateral kills)
  2 yaks (D:8)
  2 gnolls (D:8)
4 creatures vanquished.

Vanquished Creatures (others)
  A dancing weapon (D:8)
1 creature vanquished.

Grand Total: 200 creatures vanquished

Notes
Turn   | Place    | Note
-------+----------+-------------------------------------------
     0 | D:1      | Cheops the Naga Ice Elementalist began the quest for the
                  | Orb.
     0 | D:1      | Reached XP level 1. HP: 15/15 MP: 3/3
   320 | D:1      | Reached XP level 2. HP: 22/22 MP: 5/5
  1081 | D:2      | Reached XP level 3. HP: 27/28 MP: 2/7
  1085 | D:2      | Learned a level 3 spell: Frozen Ramparts
  1089 | D:2      | Learned a level 3 spell: Ozocubu's Armour
  1334 | D:2      | Noticed Sigmund
  1376 | D:2      | Killed Sigmund
  1377 | D:2      | Reached skill level 6 in Ice Magic
  1377 | D:2      | Reached XP level 4. HP: 6/36 MP: 2/8
  1377 | D:2      | Reached XP level 5. HP: 7/42 MP: 2/9
  1689 | D:2      | Reached XP level 6. HP: 37/49 MP: 8/10
  2267 | D:2      | Learned a level 4 spell: Summon Ice Beast
  2510 | D:3      | Found a faded altar of an unknown god.
  2654 | D:3      | Found a faded altar of an unknown god.
  2656 | D:3      | Noticed a floating eye
  2657 | D:3      | Noticed a shining eye
  2657 | D:3      | Noticed an eye of devastation
  2657 | D:3      | Noticed a golden eye
  2662 | D:3      | Reached skill level 7 in Ice Magic
  2749 | D:3      | Found Atyopag's General Store.
  2758 | D:3      | Bought a potion of curing for 39 gold pieces
  2758 | D:3      | Bought a potion of degeneration for 13 gold pieces
  3158 | D:3      | Found a burning altar of Makhleb.
  3316 | D:4      | Found a sacrificial altar of Ru.
  3317 | D:4      | Found a bloodstained altar of Trog.
  3922 | D:5      | Entered Level 5 of the Dungeon
  3939 | D:5      | Reached XP level 7. HP: 48/55 MP: 9/11
  3958 | D:5      | Reached skill level 1 in Polearms
  4043 | D:5      | Identified the +4 leather armour of Impermeability {rF+
                  | Stlth+}
  4099 | D:5      | Found a staircase to the Ecumenical Temple.
  4126 | D:5      | Reached skill level 8 in Ice Magic
  4134 | Temple   | Entered the Ecumenical Temple
  4141 | Temple   | Became a worshipper of Cheibriados the Contemplative
  4581 | D:5      | Found a basalt altar of Yredelemnul.
  4909 | D:6      | Reached * piety under Cheibriados
  4910 | D:6      | Reached XP level 8. HP: 54/62 MP: 9/12
  5144 | D:6      | Reached skill level 9 in Ice Magic
  5144 | D:6      | Reached skill level 1 in Summonings
  5343 | D:6      | Found Gazoar's General Store.
  5846 | D:7      | Noticed a +0 dagger
  5847 | D:7      | Noticed a +0 dagger
  5847 | D:7      | Noticed a +0 falchion
  5848 | D:7      | Noticed a +0 spear
  5848 | D:7      | Noticed a +0 short sword
  5848 | D:7      | Noticed a +0 short sword
  5849 | D:7      | Noticed a +0 spear
  5850 | D:7      | Noticed a +0 falchion
  5852 | D:7      | Found a hide-covered altar of Uskayaw.
  6029 | D:7      | Reached skill level 5 in Invocations
  6049 | D:7      | Reached XP level 9. HP: 68/68 MP: 11/13
  6432 | D:7      | Noticed a manticore
  6440 | D:7      | Killed a manticore
  6450 | D:7      | Identified a scroll of acquirement
  6562 | D:7      | Reached ** piety under Cheibriados
  6699 | D:8      | Reached skill level 5 in Polearms
  6699 | D:8      | Reached skill level 1 in Fighting
  6947 | D:8      | Noticed a hornet
  7177 | D:8      | Reached skill level 1 in Evocations
  7282 | D:8      | Reached XP level 10. HP: 19/80 MP: 10/16
  7284 | D:8      | Reached skill level 10 in Ice Magic
  7488 | D:8      | Learned a level 3 spell: Tukima's Dance
  7570 | D:8      | Reached skill level 1 in Hexes
  7580 | D:8      | Reached *** piety under Cheibriados
  8266 | D:9      | Found a runed translucent gate.
  8266 | D:9      | Found a runed translucent gate.
  8266 | D:9      | Found a runed translucent gate.
  8533 | D:9      | Reached **** piety under Cheibriados
  8747 | D:9      | Reached skill level 11 in Ice Magic
  8751 | D:9      | Reached skill level 5 in Hexes
  8910 | D:9      | Found a staircase to the Orcish Mines.
  9068 | D:9      | Noticed Psyclone's ghost (novice DEVM)
  9329 | D:9      | Acquired 722 gold pieces
  9484 | D:10     | Entered Level 10 of the Dungeon
 10159 | D:10     | Noticed Urug
 10169 | D:10     | Annihilated by Urug

Illustrated notes

Levels and vault maps discovered:
D:1:      mrwooster_arrival_arrow, layout_loops_corners
D:2:      layout_basic, uniq_sigmund
D:3:      layout_basic, nicolae_overflow_ecumenical_swirl,
          hellmonk_ecumenical_altar_watching_god, serial_shops,
          nicolae_shop_waterfront
D:4:      layout_loops_ring, nicolae_overflow_two_pavilions
D:5:      layout_cave_pools, nicolae_yredelemnul_corpse_copse,
          minmay_temple_entry_statues
D:6:      layout_basic, serial_shops, nicolae_shop_crystal,
          hangedman_abyss_or_decor_stagger
D:7:      layout_loops_ring, nicolae_uskayaw_en_pointe, minmay_small_thing
D:8:      layout_cave_pools, serial_gnoll_camp, gnoll_camp_mini_hut,
          gnoll_camp_huts_basic, gnoll_camp_mini_sergeant, gnoll_camp_mini_hut,
          chequers_serial_rivers_micro_e
D:9:      layout_irregular_city, gammafunk_ghost_icy
D:10:     layout_irregular_city, uniq_urug
Temple:   sentei_temple_godly_chess

Skill      XL: |  1  2  3  4  5  6  7  8  9 10 |
---------------+-------------------------------+-----
Spellcasting   | 3 |  3.0
Ice Magic      | 6 7 8 9 11 | 11.0
Polearms       | 4 5 |  5.3
Summonings     | 2 |  2.0
Invocations    | 5 8 |  8.0
Fighting       | 2 |  2.0
Evocations     | 3 |  3.0
Hexes          | 6 |  6.0
Dodging        | |  1.5
Stealth        | |  3.0

Action                     |  1- 3 |  4- 6 |  7- 9 | 10-12 || total
---------------------------+-------+-------+-------+-------++-------
  Melee: Unarmed           |     2 |       |       |       ||     2
         Halberd           |       |    76 |   234 |   165 ||   475
   Cast: Freeze            |    20 |    51 |    35 |    13 ||   119
         Frozen Ramparts   |     1 |       |    12 |     8 ||    21
         Ozocubu's Armour  |       |       |    10 |     8 ||    18
         Summon Ice Beast  |       |       |     3 |     1 ||     4
         Tukima's Dance    |       |       |       |     4 ||     4
Ability: Spit Poison       |    19 |     9 |    10 |     1 ||    39
    Use: Scroll            |       |       |     8 |     5 ||    13
   Stab: Sleeping          |       |     5 |     8 |       ||    13
         Distracted        |       |       |       |     1 ||     1
 Armour: Robe              |     2 |    44 |    72 |    51 ||   169
         Leather armour    |       |       |   124 |   101 ||   225
  Dodge: Dodged            |    18 |    55 |   186 |   151 ||   410
